 Dungeon Crawl Stone Soup version 0.29-a0-338-g1ff7896281 (webtiles) character file.

Game seed: 1968589210645993697

27015 rabbitsville the Devastator (level 13, -6/48 HPs)
             Began as a Felid Conjurer on Apr 16, 2022.
             Was the Champion of Hepliaklqana.
             Mangled by a seven-headed hydra (12 damage)
             ... on level 11 of the Dungeon on Apr 18, 2022.
             The game lasted 02:42:03 (31253 turns).

rabbitsville the Devastator (Felid Conjurer)       Turns: 31253, Time: 02:42:04

Health: -6/48      AC:  3    Str:  3    XL:     13   Next: 2%
Magic:  16/30      EV: 18    Int: 24    God:    Hepliaklqana [******]
Gold:   1591       SH:  5    Dex: 15    Spells: 20/36 levels left
                                        Lives:  0   Deaths: 3

rFire   . . .      SeeInvis +   (weapon unavailable)
rCold   + . .      Faith    .   (shield unavailable)
rNeg    . . .      Spirit   .   (body armour unavailable)
rPois   .          Reflect  +   (helmet unavailable)
rElec   .          Harm     .   (cloak unavailable)
rCorr   .          Rampage  .   (gloves unavailable)
Will    +....                   (boots unavailable)
Stlth   ++........              d - amulet of reflection
HPRegen 0.16/turn               b - ring of wizardry
MPRegen 0.22/turn               G - ring of wizardry

@: quick
A: reduced essence, very small, claws 1, fangs 3, see invisible, speed 1, shaggy
fur 3, stealthy paws, no weapons or thrown items, no armour, multi-lived
a: Renounce Religion, Recall Ancestor, Ancestor Identity, Transference, Idealise


You were on level 11 of the Dungeon.
You worshipped Hepliaklqana.
Hepliaklqana was exalted by your worship.
You visited 3 branches of the dungeon, and saw 18 of its levels.
You also visited: Sewer, Ossuary, Bailey and Ice Cave.

You collected 2241 gold pieces.
You spent 650 gold pieces at shops.

Inventory:

Jewellery
 b - a ring of wizardry (left paw)
 d - an amulet of reflection (around neck)
 n - a ring of poison resistance
 w - an amulet of guardian spirit
 C - a +6 ring of dexterity
 G - a ring of wizardry (right paw)
Wands
 o - a wand of mindburst (26)
 v - a wand of polymorph (15)
 y - a wand of paralysis (15)
 D - a wand of iceblast (4)
 H - a wand of digging (3)
 I - a wand of flame (27)
Scrolls
 c - 2 scrolls of vulnerability
 e - 6 scrolls of fear
 h - 8 scrolls of teleportation
 i - a scroll of summoning {unknown}
 k - 3 scrolls of blinking
 m - 2 scrolls of enchant armour
 q - 2 scrolls of magic mapping
 t - 3 scrolls of immolation
 u - 3 scrolls of fog
 z - 2 scrolls of holy word
 A - 5 scrolls of amnesia
Potions
 a - 2 potions of magic
 f - a potion of might
 g - 9 potions of flight
 j - 3 potions of attraction
 l - 4 potions of invisibility
 p - 3 potions of haste
 r - 2 potions of lignification
 s - 4 potions of brilliance
 x - 4 potions of curing
 B - 2 potions of resistance
 E - a potion of heal wounds
 F - a potion of berserk rage
 J - a potion of cancellation


   Skills:
 - Level 5.2 Fighting
 - Level 3.4 Dodging
 - Level 3.4 Stealth
 * Level 12.1 Spellcasting
 * Level 15.8 Conjurations
 - Level 3.2 Transmutations
 - Level 4.2 Fire Magic
 - Level 6.0 Air Magic
 - Level 5.0 Earth Magic
 + Level 7.9 Invocations


You had 20 spell levels left.
You knew the following spells:

 Your Spells              Type           Power      Damage    Failure   Level
a - Magic Dart            Conj           100%       1d8       0%          1
b - Searing Ray           Conj           100%       2d8       0%          2
c - Flame Wave            Conj/Fire      58%        2d11      1%          4
d - Lightning Bolt        Conj/Air       30%        1d47      1%          5
e - Airstrike             Air            21%        N/A       1%          4

Your spell library contained the following spells:

 Spells                   Type           Power      Damage    Failure   Level
 Apportation              Tloc           28%        N/A       1%          1
 Beastly Appendage        Tmut           60%        N/A       1%          1
 Foxfire                  Conj/Fire      100%       2x1d9     1%          1
 Wereblood                Tmut           30%        N/A       1%          2
 Dazzling Flash           Conj/Hex       100%       N/A       1%          3
 Ignite Poison            Fire/Tmut/Pois 26%        N/A       1%          3
 Inner Flame              Hex/Fire       24%        N/A       1%          3
 Spider Form              Tmut/Pois      22%        N/A       1%          3
 Fulminant Prism          Conj/Hex       25%        3d14      1%          4
 Iskenderun's Mystic Bla  Conj/Tloc      51%        2d11      1%          4
 Iron Shot                Conj/Erth      29%        9d6       2%          6
 Frozen Ramparts          Ice            28%        1d4       3%          3
 Gell's Gravitas          Tloc           14%        N/A       3%          3
 Ozocubu's Armour         Ice            14%        N/A       3%          3
 Summon Lightning Spire   Summ/Air       29%        N/A       3%          4
 Starburst                Conj/Fire      29%        6d9       3%          6
 Ice Form                 Ice/Tmut       22%        N/A       6%          4
 Blade Hands              Tmut           15%        N/A       9%          5
 Passage of Golubria      Tloc           14%        N/A       11%         4
 Summon Ice Beast         Ice/Summ       14%        N/A       11%         4
 Alistair's Intoxication  Tmut/Pois      14%        N/A       16%         5
 Storm Form               Tmut/Air       18%        N/A       75%         7
 Dispersal                Tloc           7%         N/A       82%         6
 Maxwell's Capacitive Co  Air            21%        ∞         99%         8
 Ozocubu's Refrigeration  Ice            7%         4d6       100%        7
 Borgnjor's Revivificati  Necr           7%         N/A       100%        8
 Disjunction              Tloc           7%         N/A       100%        8
 Necromutation            Tmut/Necr      11%        N/A       100%        8
 Death's Door             Necr           7%         N/A       100%        9
 Animate Armour           Summ/Erth      Unusable   N/A       N/A         4

Dungeon Overview and Level Annotations

Branches:
Dungeon (11/15)            Temple (1/1) D:7            Lair (6/6) D:10
 Shoals (0/4) Lair:3        Snake (0/4) Lair:4        Slime (0/5) Lair:5
    Orc (0/2) D:11          Sewer (visited)         Ossuary (visited)
 Bailey (visited)           IceCv (visited)

Altars:
Ashenzari
Cheibriados
Dithmenos
Elyvilon
Fedhas
Gozag
Hepliaklqana
Kikubaaqudgha
Makhleb
Nemelex Xobeh
Okawaru
Qazlal
Ru
Sif Muna
Trog
Uskayaw
Vehumet
Wu Jian
Xom
Yredelemnul
Zin
The Shining One
Jiyva

Shops:
D:7 =

Annotations:
D:7 1 runed translucent door, Crazy Yiuf
Lair:1 1 runed translucent door, Thatotherguy's ghost, journeyman PaFi


Innate Abilities, Weirdness & Mutations

Your life essence is reduced to manifest your ancestor. (-10% HP)
You have sharp claws.
You have razor-sharp teeth.
You have supernaturally acute eyesight. (SInv)
You cover ground quickly. (Speed+)
Your thick and shaggy fur keeps you warm. (AC +3, rC+)
Your paws help you pounce on unaware monsters.
You are incapable of wielding weapons or throwing items.
You cannot wear armour.
You gain extra lives every three experience levels.


Message History

You hear a mighty clap of thunder!
The bolt of lightning hits the warg!!!
You kill the warg!
Murtagh avoids your attack.
The bolt of lightning misses the orc wizard.
The bolt of lightning hits the warg!!
The warg is almost dead.
The bolt of lightning misses the orc.
The orc wizard points at Murtagh and mumbles some strange words.
The puff of flame hits Murtagh but does no damage.
Murtagh hits the orc wizard with a +0 flail.
The orc wizard dies!
Murtagh hits the warg with a +0 flail.
The warg dies!
A warg comes into view.
Murtagh hits the orc with a +0 flail!
The orc dies!
Murtagh misses the warg.
Murtagh blocks the warg's attack.
Murtagh hits the warg with a +0 flail!
The warg completely misses Murtagh.
Murtagh hits the warg with a +0 flail.
The warg bites Murtagh but does no damage. x2
Murtagh hits the warg with a +0 flail!
Murtagh blocks the warg's attack.
Murtagh hits the warg with a +0 flail!
The warg dies!
You start resting.
A boulder beetle comes into view.
You swap places.
You see here a warg corpse.
You start resting.
A seven-headed hydra comes into view.
A troll comes into view.
The seven-headed hydra bites you!
* * * LOW HITPOINT WARNING * * *
You block the seven-headed hydra's attack.
The seven-headed hydra barely misses you.
The seven-headed hydra closely misses you.
The seven-headed hydra bites you.
* * * LOW HITPOINT WARNING * * *
The seven-headed hydra bites you!
You die...

##### >..B
### #.B .T#
#.# #.##R#
#.#†#
##D@####.#
#)<......#
#)#.#######
.....#
....##.#
#..>. ...
#... #.#
#... ..#
###


You could see the friendly Murtagh the knight, a boulder beetle, a seven-headed
hydra and a troll (wandering).

Vanquished Creatures
  Rupert (Lair:3)
  A catoblepas (Lair:4)
  A centaur warrior (D:10)
  A boulder beetle (Lair:5)
  4 hydras
  A merfolk avatar (Lair:6)
  Erica (D:8)
  2 ironbound frosthearts (IceCv)
  2 two-headed ogres (D:10)
  3 death yaks (IceCv)
  A sea snake (Lair:6)
  An orc knight (Bailey)
  2 harpies (Lair:6)
  A lindwurm (Lair:6)
  A manticore (Lair:6)
  4 elephants
  An ugly thing (IceCv)
  A merfolk siren (Lair:3)
  3 black mambas
  An ice statue (IceCv)
  4 cane toads
  A torpor snail (Lair:5)
  4 rime drakes
  An unseen horror (D:10)
  5 komodo dragons
  2 ice devils (Lair:1)
  A troll (D:10)
  3 polar bears
  4 blink frogs
  2 merfolk (Lair:3)
  Grinder (D:4)
  A snapping turtle (Lair:6)
  5 dream sheep
  6 wyverns
  A shadow (D:10)
  24 yaks
  A basilisk (Lair:1)
  A steam dragon (D:10)
  2 wargs (D:11)
  18 water moccasins
  7 orc warriors
  3 sky beasts
  2 black bears
  15 wolves
  3 ogres
  2 centaurs
  A phantom (D:5)
  5 kobold brigands (Sewer)
  7 bullfrogs
  An elf zombie (Ossuary)
  4 necrophages
  4 scorpions
  2 wights (D:7)
  4 killer bees (D:9)
  5 electric eels
  A hound (D:4)
  3 jellies
  An orc priest (D:5)
  4 iguanas
  6 orc wizards
  A hell rat (Lair:4)
  3 mummies (Ossuary)
  15 adders
  4 gnolls
  6 river rats (Lair:4)
  2 white imps
  An ufetubus (D:5)
  4 worms
  5 dart slugs
  11 orcs
  11 ball pythons
  10 bats
  12 endoplasms
  2 giant cockroaches
  18 goblins
  6 hobgoblins
  6 jackals
  9 quokkas
  5 frilled lizards
  A goblin zombie (Ossuary)
  2 jackal zombies (Ossuary)
  32 kobolds
  An orc zombie (Ossuary)
  7 rats
374 creatures vanquished.

Vanquished Creatures (collateral kills)
  A boulder beetle (Lair:6)
  3 hydras
  An ogre mage (D:10)
  A two-headed ogre (D:10)
  A death yak (IceCv)
  Nergalle (Lair:4)
  A fire crab (Lair:5)
  A lindwurm (Lair:5)
  A harpy (Lair:6)
  3 elephants
  2 kobold demonologists (Bailey)
  3 cane toads
  4 komodo dragons
  A merfolk (Lair:3)
  7 polar bears
  A hornet (Lair:6)
  A dream sheep (Lair:4)
  4 blink frogs
  20 yaks
  A basilisk (Lair:3)
  A steam dragon (Lair:6)
  2 wargs (D:11)
  A naga (Lair:4)
  2 water moccasins
  5 orc warriors
  A black bear (D:7)
  2 centaurs
  11 wolves
  3 kobold brigands
  A gnoll sergeant (D:10)
  3 bullfrogs
  2 wights (D:7)
  A killer bee (D:9)
  A human zombie (Ossuary)
  A jelly (D:6)
  An orc wizard (D:11)
  A hound zombie (Ossuary)
  A mummy (Ossuary)
  4 gnolls
  An adder (D:6)
  2 river rats (Lair:4)
  A white imp (D:8)
  An ufetubus (D:7)
  An adder zombie (Ossuary)
  4 orcs
  A goblin (Bailey)
  2 hobgoblins (Bailey)
  A goblin zombie (Ossuary)
  A hobgoblin zombie (Ossuary)
  A kobold (D:7)
  A kobold zombie (Ossuary)
  An orc zombie (Ossuary)
120 creatures vanquished.

Vanquished Creatures (others)
  8 knights
  An ancestor (D:6)
  52 fungi
  82 plants
143 creatures vanquished.

Grand Total: 637 creatures vanquished

Notes
Turn   | Place    | Note
-------+----------+-------------------------------------------
     0 | D:1      | rabbitsville the Felid Conjurer began the quest for the
                  | Orb.
     0 | D:1      | Reached XP level 1. HP: 7/7 MP: 4/4
   165 | D:1      | Reached XP level 2. HP: 11/11 MP: 4/6
   240 | D:1      | Learned a level 2 spell: Searing Ray
   654 | D:1      | Found a faded altar of an unknown god.
   790 | D:1      | Reached XP level 3. HP: 14/14 MP: 4/7
  1309 | D:2      | Reached skill level 4 in Conjurations
  1706 | D:2      | Reached XP level 4. HP: 18/18 MP: 4/9
  2442 | D:3      | Found a snail-covered altar of Cheibriados.
  2592 | D:3      | Found a glowing drain.
  2609 | Sewer    | Entered a sewer
  2702 | Sewer    | Noticed a kobold brigand
  2717 | Sewer    | Killed a kobold brigand
  2718 | Sewer    | Reached skill level 1 in Transmutations
  2718 | Sewer    | Reached XP level 5. HP: 13/21 MP: 0/11
  3183 | Sewer    | Gained mutation: You are covered in thick fur. (AC +2)
                  | [Felid growth]
  3183 | Sewer    | Reached XP level 6. HP: 24/24 MP: 5/12
  3288 | Sewer    | Reached skill level 5 in Conjurations
  4060 | Sewer    | Reached XP level 7. HP: 27/27 MP: 3/14
  5118 | D:4      | Reached skill level 5 in Spellcasting
  5118 | D:4      | Reached skill level 6 in Conjurations
  5320 | D:4      | Identified the +0 pair of boots "Xipin" {rPois rF- Str+5
                  | SInv}
  5329 | D:4      | Found a basalt altar of Yredelemnul.
  5486 | D:4      | Noticed Grinder
  5494 | D:4      | Killed Grinder
  5495 | D:4      | Reached skill level 1 in Air Magic
  5495 | D:4      | Reached XP level 8. HP: 31/31 MP: 7/17
  6064 | D:4      | Found a hazy altar of Hepliaklqana.
  6079 | D:4      | Became a worshipper of Hepliaklqana the Forgotten
  6258 | D:5      | Entered Level 5 of the Dungeon
  6801 | D:5      | Reached skill level 7 in Conjurations
  6961 | D:5      | You fall into a shaft and drop 2 floors!
  7720 | D:5      | Reached * piety under Hepliaklqana
  8068 | D:5      | Found a shimmering blue altar of Sif Muna.
  8155 | D:6      | Found a hide-covered altar of Uskayaw.
  8230 | D:6      | Reached XP level 9. HP: 30/30 MP: 15/20
  8657 | D:6      | Identified a scroll of acquirement
  8667 | D:6      | Acquired the Tome of the Voyage and Ignition
  8727 | D:6      | Found a sacrificial altar of Ru.
  8826 | D:6      | Reached skill level 8 in Conjurations
  8936 | D:6      | Reached skill level 1 in Fire Magic
  9051 | D:6      | Identified the +2 robe of the Assorted Servitors {rF- rN+
                  | Int+3}
  9370 | D:7      | Found a burning altar of Makhleb.
  9424 | D:7      | Found a staircase to the Ecumenical Temple.
  9438 | D:7      | Found Miunuck's Jewellery Shoppe.
  9826 | D:7      | Bought a ring of poison resistance for 260 gold pieces
  9871 | D:7      | Found a runed translucent door.
  9872 | D:7      | Noticed Crazy Yiuf
 10205 | Temple   | Entered the Ecumenical Temple
 10335 | D:8      | Found a sparkling altar of Nemelex Xobeh.
 10381 | D:8      | Found a sand-covered staircase.
 10387 | D:8      | Reached ** piety under Hepliaklqana
 10394 | Ossuary  | Entered an ossuary
 10395 | Ossuary  | Remembered your ancestor Murtagh as a knight
 10557 | Ossuary  | Learned a level 4 spell: Flame Wave
 10840 | D:8      | Reached skill level 9 in Conjurations
 10957 | D:8      | Noticed Erica
 10965 | D:8      | Killed Erica
 10966 | D:8      | Reached XP level 10. HP: 33/33 MP: 14/23
 11557 | D:9      | Reached *** piety under Hepliaklqana
 12487 | D:10     | Entered Level 10 of the Dungeon
 12506 | D:10     | Reached skill level 10 in Conjurations
 12512 | D:10     | Noticed a centaur warrior
 12594 | D:10     | Noticed a two-headed ogre
 12600 | D:10     | Killed a two-headed ogre
 12612 | D:10     | Noticed an ogre mage
 12630 | D:10     | Shot with an arrow by a centaur warrior
 12631 | D:10     | Reached XP level 9. HP: -8/30 MP: 18/23
 12643 | D:10     | Noticed a komodo dragon
 12650 | D:10     | Noticed a two-headed ogre
 12824 | D:10     | Noticed an unseen horror
 12828 | D:10     | Killed an unseen horror
 12829 | D:10     | Reached skill level 1 in Fighting
 12843 | D:10     | Reached XP level 10. HP: 35/35 MP: 11/24
 12847 | D:10     | Reached skill level 10 in Spellcasting
 12886 | D:10     | Killed an ogre mage
 12898 | D:10     | Killed a two-headed ogre
 13251 | D:10     | Reached **** piety under Hepliaklqana
 13282 | D:10     | Found a flagged portal.
 13293 | Bailey   | Entered a bailey
 13661 | Bailey   | Noticed an orc knight
 13674 | Bailey   | Killed an orc knight
 13675 | Bailey   | Reached skill level 11 in Conjurations
 13730 | Bailey   | Learned a level 5 spell: Lightning Bolt
 14111 | Bailey   | Found the +8 storm bow {elec, penet}
 14478 | Bailey   | Found an iron altar of Okawaru.
 14491 | Bailey   | Identified the +5 ring mail of Disaster {*Corrode rElec rC+
                  | Dex+2}
 14503 | Bailey   | Reached XP level 11. HP: 32/40 MP: 10/26
 14819 | Bailey   | Acquired 736 gold pieces
 14955 | D:10     | Killed a centaur warrior
 15294 | D:10     | Found a staircase to the Lair.
 15537 | D:10     | Noticed a six-headed hydra
 15554 | D:10     | Killed a six-headed hydra
 15667 | D:10     | Found a shimmering altar of Xom.
 15667 | D:10     | Found a radiant altar of Vehumet.
 15668 | D:10     | Noticed a two-headed ogre
 15671 | D:10     | Killed a two-headed ogre
 15672 | D:10     | Found a stormy altar of Qazlal.
 15675 | D:10     | Found an ornate altar of the Wu Jian Council.
 15795 | D:10     | Upgraded the game from 0.29-a0-337-g68df138881 to
                  | 0.29-a0-338-g1ff7896281
 15858 | D:7      | Bought a ring of wizardry for 390 gold pieces
 15865 | D:7      | Learned a level 4 spell: Airstrike
 15876 | D:8      | You fall into a shaft and drop 2 floors!
 15903 | Lair:1   | Entered Level 1 of the Lair of Beasts
 16206 | Lair:1   | Found a runed translucent door.
 16206 | Lair:1   | Noticed Thatotherguy's ghost (journeyman PaFi)
 16231 | Lair:1   | Reached skill level 12 in Conjurations
 16393 | Lair:1   | Found a frozen archway.
 16402 | IceCv    | Entered an ice cave
 16415 | IceCv    | Reached skill level 5 in Fighting
 16863 | IceCv    | Noticed a white ugly thing
 16872 | IceCv    | Killed a white ugly thing
 16988 | IceCv    | Reached skill level 1 in Invocations
 16995 | IceCv    | Reached skill level 5 in Air Magic
 17055 | IceCv    | Gained mutation: Your thick and shaggy fur keeps you warm.
                  | (AC +3, rC+) [Felid growth]
 17055 | IceCv    | Reached XP level 12. HP: 45/45 MP: 7/28
 17650 | IceCv    | Noticed an ironbound frostheart
 17707 | IceCv    | Reached skill level 13 in Conjurations
 17714 | IceCv    | Noticed a death yak
 17721 | IceCv    | Killed a death yak
 17862 | IceCv    | Noticed an ironbound frostheart
 17869 | IceCv    | Killed an ironbound frostheart
 18185 | IceCv    | HP: 2/45 [ironbound frostheart/creeping frost (22)]
 18189 | IceCv    | Killed an ironbound frostheart
 18190 | IceCv    | Reached skill level 1 in Earth Magic
 18363 | IceCv    | Noticed a death yak
 18381 | IceCv    | Killed a death yak
 18488 | IceCv    | Noticed a death yak
 18492 | IceCv    | Noticed a death yak
 18494 | IceCv    | Killed a death yak
 18511 | IceCv    | Killed a death yak
 19424 | Lair:2   | Reached ***** piety under Hepliaklqana
 20171 | Lair:2   | Noticed an eight-headed hydra
 20199 | Lair:2   | Killed an eight-headed hydra
 21154 | Lair:3   | Reached skill level 5 in Invocations
 21158 | Lair:3   | Reached skill level 14 in Conjurations
 21550 | Lair:3   | Noticed a four-headed hydra
 21560 | Lair:3   | Killed a four-headed hydra
 21567 | Lair:3   | Reached XP level 13. HP: 48/48 MP: 8/29
 22086 | Lair:3   | You fall into a shaft and drop 3 floors!
 22086 | Lair:6   | Entered Level 6 of the Lair of Beasts
 22814 | Lair:3   | Noticed Rupert
 23080 | Lair:3   | HP: 1/48 [Rupert/+2 great sword of draining (47)]
 23080 | Lair:3   | Demolished by Rupert
 23081 | Lair:3   | Reached XP level 12. HP: -19/41 MP: 16/28
 23090 | Lair:3   | Killed Rupert
 23191 | Lair:3   | Found a staircase to the Shoals.
 23206 | Lair:3   | Found a broken altar of Ashenzari.
 24061 | Lair:4   | Noticed a catoblepas
 24068 | Lair:4   | Killed a catoblepas
 24374 | Lair:4   | Noticed Nergalle
 24387 | Lair:4   | Killed Nergalle
 24794 | Lair:4   | Killed an eight-headed hydra
 24826 | Lair:4   | Reached skill level 15 in Conjurations
 25284 | Lair:4   | Found a staircase to the Snake Pit.
 25747 | Lair:5   | Found a viscous altar of Jiyva.
 25747 | Lair:5   | Found a staircase to the Slime Pits.
 25758 | Lair:5   | Reached skill level 5 in Earth Magic
 26139 | Lair:5   | Reached ****** piety under Hepliaklqana
 26470 | Lair:5   | Noticed an eight-headed hydra
 26519 | Lair:5   | Killed an eight-headed hydra
 26774 | Lair:5   | Reached XP level 13. HP: 48/48 MP: 4/29
 27698 | Lair:5   | Slain by a boulder beetle
 27699 | Lair:5   | Reached XP level 12. HP: -2/45 MP: 5/28
 27700 | Lair:5   | Killed a boulder beetle
 27929 | Lair:6   | Noticed a boulder beetle
 29379 | Lair:6   | Killed a boulder beetle
 29887 | Lair:6   | Noticed a merfolk avatar
 30227 | Lair:6   | Killed a merfolk avatar
 30718 | Lair:6   | Identified the +2 robe of Lethargy {Dex+4}
 30813 | Lair:6   | Identified the +1 troll leather armour of Xanout {rPois
                  | Regen+ Stlth+}
 31179 | D:11     | Noticed an eight-headed hydra
 31221 | D:11     | Reached XP level 13. HP: 48/48 MP: 19/30
 31224 | D:11     | Found a staircase to the Orcish Mines.
 31253 | D:11     | Mangled by a seven-headed hydra

Illustrated notes

Levels and vault maps discovered:
D:1:      minmay_arrival_nine_rooms, layout_rooms, serial_corexii_hall,
          corexii_hall_statues_x, corexii_hall_statues_l,
          shapermc_ecumenical_altar_petra
D:2:      layout_basic, st_stairs_9, minmay_unequal
D:3:      layout_basic, kennysheep_slug_shrine, gup_sewer_entry_bubbles
D:4:      layout_basic, mainiacjoe_overflow_concentric_impassable,
          nicolae_hepliaklqana_hazy_memory, uniq_grinder
D:5:      layout_cave_pods, kennysheep_little_box
D:6:      layout_basic, mainiacjoe_overflow_24_doors,
          lemuel_coloured_pillars_altar
D:7:      layout_loops_ring, lemuel_doored_altar, minmay_temple_entry_grid,
          serial_shops, nicolae_diamond_shop, uniq_crazy_yiuf_cottage
D:8:      layout_cave_pools, nemelex_xobeh_ov_fountains_minmay,
          nicolae_ossuary_entry_ruins, uniq_erica
D:9:      layout_rooms
D:10:     layout_basic, minitemple, grunt_lair_entry_orc_guard_hut,
          enter_bailey_3, minmay_checkerbox
D:11:     minmay_s_stair_smasher, layout_loops_cross,
          minmay_orc_entry_guard_dogs, nicolae_ashenzari_skybound
Temple:   eino_wide_crystal_templ
Lair:1:   layout_long_grid, hellmonk_ghost_happy_afterlife,
          portal_ice_cave_demonic_guard
Lair:2:   layout_cave_pods, beast_lair_carwin_11
Lair:3:   layout_regular_city, elwin_shoals_entry_stream, basic_altar,
          guppyfry_lair_drakes, lemuel_fruit_fields, grunt_megastairs_4,
          uniq_rupert
Lair:4:   layout_hall_layers, guppyfry_snake_entry_island, serial_rivers,
          chequers_serial_rivers_small_a, chequers_serial_rivers_room_b,
          chequers_serial_rivers_micro_c, chequers_serial_rivers_micro_c,
          chequers_serial_rivers_room_a, chequers_serial_rivers_micro_d,
          minivault_11, kennysheep_rathole, uniq_nergalle
Lair:5:   layout_big_grid, slime_altar_1, chequers_serial_rivers_room_b,
          nzn_random_ring, serial_bayou_shore_a
Lair:6:   gammafunk_lair_ancient_temple, layout_hall_layers

Skill      XL: |  1  2  3  4  5  6  7  8  9 10 11 12 |
---------------+-------------------------------------+-----
Stealth        | 3 |  3.4
Dodging        | 3 |  3.4
Conjurations   | 4 5 6 7 9 11 12 15 | 15.8
Spellcasting   | 3 4 5 7 8 10 11 12 | 12.1
Transmutations | 1 2 3 |  3.2
Air Magic      | 1 3 5 6 |  6.0
Fire Magic     | 3 4 |  4.2
Fighting       | 1 3 5 |  5.2
Invocations    | 2 7 |  7.9
Earth Magic    | 5 |  5.0

Action                   |  1- 3 |  4- 6 |  7- 9 | 10-12 | 13-15 || total
-------------------------+-------+-------+-------+-------+-------++-------
Melee: Unarmed           |     1 |    20 |     5 |    19 |     4 ||    49
       Bite              |       |       |       |     5 |     1 ||     6
       Punch             |       |       |       |     1 |       ||     1
 Cast: Magic Dart        |    79 |   117 |   246 |   139 |     2 ||   583
       Searing Ray       |     4 |     6 |    59 |    46 |     2 ||   117
       Flame Wave        |       |       |     4 |    16 |     2 ||    22
       Lightning Bolt    |       |       |       |    90 |    16 ||   106
       Airstrike         |       |       |       |   220 |    32 ||   252
Invok: Recall Ancestor   |       |       |     1 |     5 |     2 ||     8
       Ancestor Life: Kn |       |       |     1 |       |       ||     1
       Ancestor Identity |       |       |       |     1 |       ||     1
Evoke: Wand              |       |       |       |     1 |       ||     1
  Use: Scroll            |       |       |    13 |    10 |     1 ||    24
       Potion            |       |       |    10 |     9 |     1 ||    20
 Stab: Distracted        |       |       |       |       |     1 ||     1
Armor: Skin              |       |     2 |     7 |     7 |     3 ||    19
Dodge: Dodged            |     6 |    32 |    83 |    87 |    20 ||   228
Block: Other             |       |    10 |    24 |    35 |     4 ||    73
       Reflection        |       |       |     1 |     8 |       ||     9

Table legend: (Time is in decaauts)
 A = Elapsed time spent in this place.
 B = Non-inter-level travel time spent in this place.
 C = Inter-level travel time spent in this place.
 D = Time resting spent in this place.
 E = Time spent auto-exploring this place.
 F = Levels seen in this place.
 G = Mean time per level.
                   A        B        C        D        E       F      G
               +--------+--------+--------+--------+--------+-----+--------+
         Total |  28651 |  28002 |    649 |  10473 |   8684 |  22 | 1302.3 |
       Dungeon |  11144 |  10837 |    307 |   2068 |   6878 |  11 | 1013.1 |
        Temple |     44 |     35 |      9 |      0 |     27 |   1 |   44.0 |
          Lair |  11693 |  11362 |    331 |   5474 |    539 |   6 | 1948.8 |
         Sewer |   1665 |   1665 |      0 |    436 |    962 |   1 | 1665.0 |
       Ossuary |    406 |    406 |      0 |    184 |     47 |   1 |  406.0 |
        Bailey |   1476 |   1476 |      0 |    857 |    203 |   1 | 1476.0 |
      Ice Cave |   2220 |   2220 |      0 |   1454 |     26 |   1 | 2220.0 |
               +--------+--------+--------+--------+--------+-----+--------+

Top non-repeatable levels by time:
  Lair:6: 2881 daAuts
  Lair:5: 2527 daAuts
   IceCv: 2220 daAuts
  Lair:3: 1893 daAuts
  Lair:4: 1828 daAuts
   Sewer: 1665 daAuts
  Lair:2: 1602 daAuts
    D:10: 1533 daAuts
  Bailey: 1476 daAuts
     D:5: 1311 daAuts
     D:4: 1261 daAuts
     D:2: 1136 daAuts
     D:6: 1133 daAuts
     D:9: 1118 daAuts
     D:7: 1040 daAuts
